 Seeded DCSS version 0.27-a0-1325-g58a489ad9e (webtiles) character file.

Game seed: 20210624 (custom seed)

12 Corwin the Chopper (level 2, 0/36 HPs)
             Began as a Human Berserker on June 24, 2021.
             Was a Follower of Trog.
             Killed from afar by a dart slug (4 damage)
             ... with a slug dart
             ... on level 1 of the Dungeon.
             The game lasted 00:00:34 (239 turns).

Corwin the Chopper (Human Berserker)                 Turns: 239, Time: 00:00:35

Health: 0/36       AC:  2    Str: 17    XL:     2   Next: 45%
Magic:  2/2        EV: 12    Int:  7    God:    Trog [*.....]
Gold:   10         SH:  0    Dex: 12    Spells: 1/1 levels left

rFire    . . .     SeeInvis .   a - +0 hand axe
rCold    . . .     Faith    .   (no shield)
rNeg     . . .     Spirit   .   b - +0 animal skin
rPois    .         Reflect  .   (no helmet)
rElec    .         Harm     .   (no cloak)
rCorr    .         Rampage  .   (no gloves)
Will     .....                  (no boots)
Stlth    ..........             (no amulet)
HPRegen  0.12/turn              (no ring)
MPRegen  0.08/turn              (no ring)

@: berserking (expiring), very quick
A: no striking features
a: Renounce Religion, Berserk


You were on level 1 of the Dungeon.
You worshipped Trog.
Trog was aware of your devotion.
You visited 1 branch of the dungeon, and saw 1 of its levels.

You collected 10 gold pieces.

Inventory:

Hand Weapons
 a - a +0 hand axe (weapon)
Armour
 b - a +0 animal skin (worn)


   Skills:
 + Level 3.2 Fighting
 + Level 3.2 Axes
 + Level 2.1 Armour
 + Level 2.1 Dodging


You had one spell level left.
You didn't know any spells.
Your spell library was empty.

Dungeon Overview and Level Annotations

Branches:
Dungeon (1/15)

Altars:


Message History

You closely miss the jackal. You miss the jackal. The jackal bites you. x2
* * * LOW HITPOINT WARNING * * *
You have reached level 2!
A red film seems to cover your vision as you go berserk!
You feel yourself moving faster!
You feel mighty! The jackal misses you. The jackal bites you.
* * * LOW HITPOINT WARNING * * *
The jackal bites you.
* * * LOW HITPOINT WARNING * * *
A dart slug comes into view.
The jackal bites you but does no damage.
The jackal barely misses you.
You closely miss the jackal.
The jackal is severely wounded.
You closely miss the jackal. You slash the jackal!
You kill the jackal!
Trog accepts your kill.
The jackal bites you but does no damage.
The jackal closely misses you. The jackal barely misses you.
You hit the jackal.
You feel the power of Trog in you as your rage grows.
You kill the jackal!
Trog accepts your kill.
You hit the jackal. You slash the goblin!
You kill the goblin!
Trog accepts your kill. The jackal barely misses you.
You closely miss the jackal.
The jackal is moderately wounded.
The jackal barely misses you.
You slash the jackal!
You kill the jackal!
Trog accepts your kill.
You see here a jackal corpse.
You feel a strong urge to attack something.
You hit the dart slug.
The dart slug is heavily wounded.
The dart slug launches a dart at you. The slug dart hits you.
You die...

#########
##############†.@w...#
..............†.........
......########)#..#####.
......# #.#..# ......#
#.#..# ......# #.#...
####### #.#.### ....#
#.#.# ###.### #.#


You could see a dart slug.

Vanquished Creatures
  A goblin (D:1)
  A hobgoblin (D:1)
  7 jackals (D:1)
9 creatures vanquished.

Notes
Turn   | Place    | Note
-------+----------+-------------------------------------------
     0 | D:1      | Corwin the Human Berserker began the quest for the Orb.
     0 | D:1      | Reached XP level 1. HP: 18/18 MP: 1/1
   231 | D:1      | Reached XP level 2. HP: 5/24 MP: 2/2
   239 | D:1      | Killed from afar by a dart slug

Illustrated notes

Levels and vault maps discovered:
D:1:      minmay_arrival_floating_metal, layout_basic,
          hellmonk_ecumenical_altar_pennies_from_heaven

Action                   || total
-------------------------++-------
Melee: Hand axe          ||    24
Invok: Berserk           ||     1
Armor: Animal skin       ||     9
Dodge: Dodged            ||    22

Table legend: (Time is in decaauts)
 A = Elapsed time spent in this place.
 B = Non-inter-level travel time spent in this place.
 C = Inter-level travel time spent in this place.
 D = Time resting spent in this place.
 E = Time spent auto-exploring this place.
 F = Levels seen in this place.
 G = Mean time per level.
                   A        B        C        D        E       F      G
               +--------+--------+--------+--------+--------+-----+--------+
         Total |    240 |    240 |      0 |    156 |     40 |   1 |  240.0 |
       Dungeon |    240 |    240 |      0 |    156 |     40 |   1 |  240.0 |
               +--------+--------+--------+--------+--------+-----+--------+

Top non-repeatable levels by time:
     D:1: 240 daAuts
